 Seeded DCSS version 0.27-a0-1232-gc6a4cbde82 (webtiles) character file.

Game seed: 49 (custom seed)

8 Snicker the Sneak (level 2, 22/22 HPs)
             Began as a Demonspawn Brigand on June 8, 2021.
             Got out of the dungeon alive.
             The game lasted 00:00:46 (186 turns).

Snicker the Sneak (Demonspawn Brigand)               Turns: 186, Time: 00:00:47

Health: 22/22      AC:  4    Str: 11    XL:     2   Next: 0%
Magic:  2/2        EV: 11    Int: 12    God:
Gold:   9          SH:  4    Dex: 14    Spells: 1/1 levels left

rFire    . . .     SeeInvis .   a - +0 dagger (drain)
rCold    . . .     Faith    .   (no shield)
rNeg     . . .     Spirit   .   b - +0 robe
rPois    .         Reflect  .   (no helmet)
rElec    .         Harm     .   c - +1 cloak
rCorr    .         Rampage  .   (no gloves)
Will     .....                  (no boots)
Stlth    +++.......             (no amulet)
HPRegen  0.07/turn              (no ring)
MPRegen  0.08/turn              (no ring)

@: no status effects
A: large bone plates 1
a: no special abilities


You escaped.
You visited 1 branch of the dungeon, and saw 1 of its levels.

You collected 9 gold pieces.

Inventory:

Hand Weapons
 a - a +0 dagger of draining (weapon)
 f - a +2 dagger
Missiles
 d - 8 poisoned darts (quivered)
 e - 2 curare-tipped darts
Armour
 b - a +0 robe (worn)
 c - a +1 cloak (worn)
Scrolls
 g - a scroll of acquirement


   Skills:
 + Level 2.0 Fighting
 * Level 1.8 Short Blades
 + Level 1.7 Throwing
 + Level 0.8 Dodging
 * Level 4.1 Stealth


You had one spell level left.
You didn't know any spells.
Your spell library was empty.

Dungeon Overview and Level Annotations

Branches:
Dungeon (1/15)

Altars:


Innate Abilities, Weirdness & Mutations

You are partially covered in large bone plates. (SH +4)


Message History

You kill the kobold!
Your Stealth skill increases to level 4!
Things that are here:
a +0 short sword; a kobold corpse A kobold comes into view.
It is wielding a +0 dagger.
Found 9 gold pieces.
A kobold is nearby!
A kobold is nearby!
You see here 9 gold pieces.
Found a scroll labelled ISILAWN AVO ANE.
The helpless kobold fails to defend itself.
You impale the kobold!!
You kill the kobold!
You now have 9 gold pieces.
A rat comes into view.
Found 22 sling bullets.
You see here a scroll labelled ISILAWN AVO ANE.
h - a scroll labelled ISILAWN AVO ANE
As you read the scroll labelled ISILAWN AVO ANE, it crumbles to dust.
It is a scroll of enchant armour.
Your +0 cloak glows green for a moment.
This is a scroll of acquirement!
A rat is nearby!
You hit the rat.
You kill the rat!
You have reached level 2!
Your demonic ancestry asserts itself...
Large bone plates grow over parts of your arms.
You can't go up here!
Unknown command.
Unknown command.
Things that are here:
a +0 short sword; a kobold corpse
Found 10 gold pieces.
You enter the shallow water.
Moving in this stuff is going to be slow.
There is an open door here.
There is a staircase leading out of the dungeon here.
Are you sure you want to leave the Dungeon?
This will make you lose the game!
You have escaped!

#. #. ### #.♣.. ♣≈≈≈♣
≈≈≈♣ ###♣≈≈###
#.##≈##.# #..'≈'..# #
#@##≈##.# $.#
###♣≈♣### #..# #
♣≈≈≈♣ ... .. #♣≈≈≈♣#
#.##.#.# #..##...#.#
.. #.#.#
#.........#########.
.# #.#.###
##.###....#..........
.###.#...
.........###.........
.##....#
#......#####.#######


There were no monsters in sight!

Vanquished Creatures
  A bat (D:1)
  A goblin (D:1)
  2 kobolds (D:1)
  A quokka (D:1)
  2 rats (D:1)
7 creatures vanquished.

Notes
Turn   | Place    | Note
-------+----------+-------------------------------------------
     0 | D:1      | Snicker the Demonspawn Brigand began the quest for the Orb.
     0 | D:1      | Reached XP level 1. HP: 16/16 MP: 1/1
   120 | D:1      | Reached skill level 4 in Stealth
   138 | D:1      | Identified a scroll of acquirement
   139 | D:1      | Gained mutation: You are partially covered in large bone
                  | plates. (SH +4) [demonic ancestry]
   139 | D:1      | Reached XP level 2. HP: 22/22 MP: 2/2
   186 | D:$      | Got out of the dungeon alive.

Illustrated notes

Levels and vault maps discovered:
D:1:      sevenhm_arrival_forest_fort_small_4, layout_loops_ring

Skill      XL: |  1 |
---------------+----+-----
Stealth        | 4 |  4.1
Fighting       | |  2.0
Short Blades   | |  1.8
Throwing       | |  1.7
Dodging        | |  0.8

Action                   || total
-------------------------++-------
Melee: Dagger            ||    11
  Use: Scroll            ||     1
 Stab: Sleeping          ||     5
Dodge: Dodged            ||     3

Table legend: (Time is in decaauts)
 A = Elapsed time spent in this place.
 B = Non-inter-level travel time spent in this place.
 C = Inter-level travel time spent in this place.
 D = Time resting spent in this place.
 E = Time spent auto-exploring this place.
 F = Levels seen in this place.
 G = Mean time per level.
                   A        B        C        D        E       F      G
               +--------+--------+--------+--------+--------+-----+--------+
         Total |    190 |    142 |     48 |      0 |     83 |   1 |  190.0 |
       Dungeon |    190 |    142 |     48 |      0 |     83 |   1 |  190.0 |
               +--------+--------+--------+--------+--------+-----+--------+

Top non-repeatable levels by time:
     D:1: 190 daAuts
